 Dungeon Sprint DCSS version 0.20-a0-1101-g1de9d76 (webtiles) character file.

1082 potatolord5000 the Protected (level 8, -6/73 HPs)
             Began as a Formicid Fighter on May 5, 2017.
             Was an Elder of Cheibriados.
             Mangled by a death cob (17 damage)
             ... in the Dungeon (Sprint V: "Ziggurat Sprint").
             The game lasted 00:04:25 (271 turns).

potatolord5000 the Protected (Formicid Fighter)      Turns: 271, Time: 00:04:26

Health: -6/73      AC: 31    Str: 50    XL:     8   Next: 55%
Magic:  2/8        EV:  4    Int: 18    God:    Cheibriados [****..]
Gold:   0          SH: 38    Dex: 20    Spells: 7/7 levels left

rFire    . . .     SeeInvis +   a - +5 executioner's axe
rCold    . . .     Gourm    .   m - +18 shield of the Gong {rElec rN+ MR+ EV-5}
rNeg     + . .     Faith    .   l - +15 Maxwell's patent armour {-Cast -Tele rElec MR+ rCorr}
rPois    .         Spirit   .   (helmet unavailable)
rElec    +         Reflect  +   C - +0 cloak
rCorr    +         Harm     .   (no gloves)
MR       ++...     NoCast   +   (no boots)
Stlth    ..........             y - +4 amulet of reflection
Regen    0.3/turn               p - +6 ring of strength
MPRegen  0.2/turn               q - +6 ring of strength

@: mighty, studying Armour, very slow
A: permanent stasis, dig shafts and tunnels, four strong arms, antennae 3
a: Dig, Bend Time, Temporal Distortion, Slouch, Renounce Religion


You were in the Dungeon.
You worshipped Cheibriados.
Cheibriados was greatly pleased with you.
You were not hungry.

You visited 1 branch

Inventory:

Hand Weapons
 a - a +5 executioner's axe (weapon)
Armour
 l - the +15 Maxwell's patent armour (worn) {-Cast -Tele rElec MR+ rCorr}
   (You found it in the Dungeon)

   It insulates you from electricity.
   It affects your resistance to hostile enchantments.
   It prevents spellcasting.
   It prevents most forms of teleportation.
   It protects you from acid and corrosion.
 m - the +18 shield of the Gong (worn) {rElec rN+ MR+ EV-5}
   (You found it in the Dungeon)

   It affects your evasion (-5).
   It insulates you from electricity.
   It protects you from negative energy.
   It affects your resistance to hostile enchantments.
 C - a +0 cloak (worn)
Jewellery
 p - a +6 ring of strength (left hand)
 q - a +6 ring of strength (right hand)
 y - a +4 amulet of reflection (around neck)
Scrolls
 k - 4 scrolls of blinking
 n - 4 scrolls of amnesia
 o - 3 scrolls of recharging
 r - 7 scrolls of fog
 s - a scroll of holy word
 t - 5 scrolls of identify
 u - 5 scrolls of remove curse
 v - 2 scrolls of fear
Potions
 d - 4 potions of might
 e - 10 potions of curing
 g - 8 potions of heal wounds
 h - 6 potions of haste
 i - 7 potions of magic
 j - 3 potions of berserk rage
 w - 2 potions of brilliance
 x - 2 potions of invisibility
 z - 4 potions of resistance
 B - 5 potions of agility
 D - a potion of lignification {unknown}
Books
 A - a manual of Armour
Comestibles
 b - 42 fruits
 c - 4 meat rations
 f - 5 bread rations


   Skills:
 + Level 10.4 Fighting
 + Level 9.2 Axes
 + Level 11.5 Armour
 + Level 11.1 Shields


You had 7 spell levels left.
You didn't know any spells.

Dungeon Overview and Level Annotations

Branches:
Dungeon (1/1)

Altars:
Ashenzari
Cheibriados
Dithmenos
Elyvilon
Fedhas
Gozag
Hepliaklqana
Kikubaaqudgha
Makhleb
Nemelex Xobeh
Okawaru
Qazlal
Ru
Sif Muna
Trog
Uskayaw
Vehumet
Wu Jian
Xom
Yredelemnul
Zin
The Shining One
Beogh
Jiyva
Lugonu

Annotations:
D 1 transporter


Innate Abilities, Weirdness & Mutations

You cannot be hasted, slowed, berserked, paralysed or teleported.
You can dig through walls and to a lower floor.
Your four strong arms can wield two-handed weapons with a shield.
You have a pair of large antennae on your head. (SInv)


Message History

You miss the death cob. You slice the draconian!!
You slice the purple draconian!! You slash the draconian!
You barely miss the death cob. You block the death cob's attack.
GONNNNG!
You block the death cob's attack.
PANG!
The death cob hits you.
* * * LOW HITPOINT WARNING * * *
The death cob drains your vigour!
Your stasis prevents you from being slowed.
You block the death cob's attack.
BOUMMMMG!
You block the death cob's attack.
SHROANNG!
The death cob hits you.
* * * LOW HITPOINT WARNING * * *
You block the draconian's attack.
BONNNG!
The death cob hits you!
You die...

▓...).▓.....▓.....▓
▓.....▓.....▓▓▓▓▓▓▓
▓▓▓▓▓▓▓▓▓▓▓▓▓▓▓▓▓▓▓
▓..8©8...▓..8©8...▓
▓..))|...▓...})...▓
▓...)....▓..:.}...▓
▓........▓........▓
▓........▓..zzd...▓
{
▓.▓....▓.▓.▓d@d.▓.▓
{
▓........▓........▓
▓▓▓▓▓▓▓▓▓▓▓▓▓▓▓▓▓▓▓


{{{{ {{{ {{{ {{{ You could see a purple draconian, 2 death cobs and 2
draconians.

Vanquished Creatures
  A slime creature (D)
  Sigmund (D)
  An air elemental (D)
  2 insubstantial wisps (D)
  An eye of draining (D)
  A necrophage (D)
  Blork the orc (D)
  2 jellies (D)
  Crazy Yiuf (D)
  Jessica (D)
  A bat zombie (D)
13 creatures vanquished.

Notes
Turn   | Place    | Note
-------+----------+-------------------------------------------
     0 | D        | potatolord5000 the Formicid Fighter began the quest for the Orb.
     0 | D        | Reached XP level 1. HP: 18/18 MP: 1/1
     1 | D        | Found a blossoming altar of Fedhas.
     2 | D        | Found a viscous altar of Jiyva.
     2 | D        | Found an ancient bone altar of Kikubaaqudgha.
     2 | D        | Found a hazy altar of Hepliaklqana.
     2 | D        | Found a corrupted altar of Lugonu.
     2 | D        | Found an opulent altar of Gozag.
     2 | D        | Found a burning altar of Makhleb.
     7 | D        | Found an iron altar of Okawaru.
     7 | D        | Found a stormy altar of Qazlal.
     7 | D        | Found a sparkling altar of Nemelex Xobeh.
     7 | D        | Found a sacrificial altar of Ru.
     7 | D        | Found a deep blue altar of Sif Muna.
    20 | D        | Found a bloodstained altar of Trog.
    73 | D        | Reached skill level 5 in Fighting
    73 | D        | Reached skill level 5 in Armour
    73 | D        | Reached skill level 5 in Shields
    73 | D        | Reached XP level 2. HP: 27/27 MP: 2/2
   119 | D        | Became a worshipper of Cheibriados the Contemplative
   139 | D        | Entered arena 2.
   139 | D        | Noticed a necrophage
   147 | D        | Killed a necrophage
   147 | D        | Reached * piety under Cheibriados
   147 | D        | Reached skill level 5 in Axes
   147 | D        | Reached XP level 3. HP: 35/35 MP: 3/3
   147 | D        | Reached XP level 4. HP: 41/41 MP: 4/4
   158 | D        | Entered arena 3.
   158 | D        | Noticed an air elemental
   158 | D        | Noticed an insubstantial wisp
   158 | D        | Noticed an insubstantial wisp
   161 | D        | Killed an insubstantial wisp
   161 | D        | Reached XP level 5. HP: 48/48 MP: 5/5
   161 | D        | Reached XP level 6. HP: 55/55 MP: 6/6
   163 | D        | Killed an insubstantial wisp
   164 | D        | Killed an air elemental
   164 | D        | Reached ** piety under Cheibriados
   164 | D        | Reached XP level 7. HP: 64/64 MP: 7/7
   180 | D        | Entered arena 4.
   180 | D        | Noticed Sigmund
   180 | D        | Noticed Jessica
   180 | D        | Noticed Blork the orc
   180 | D        | Noticed Crazy Yiuf
   183 | D        | Killed Jessica
   185 | D        | Killed Crazy Yiuf
   185 | D        | Reached *** piety under Cheibriados
   186 | D        | Killed Blork the orc
   186 | D        | Reached skill level 10 in Shields
   189 | D        | Killed Sigmund
   189 | D        | Reached skill level 10 in Armour
   189 | D        | Reached XP level 8. HP: 56/72 MP: 8/8
   252 | D        | Entered arena 5.
   252 | D        | Noticed a slime creature
   254 | D        | Reached **** piety under Cheibriados
   254 | D        | Reached skill level 10 in Fighting
   257 | D        | Killed a slime creature
   265 | D        | Entered arena 6.
   265 | D        | Noticed a draconian
   265 | D        | Noticed a death cob
   265 | D        | Noticed a draconian
   265 | D        | Noticed a death cob
   265 | D        | Noticed a purple draconian
   271 | D        | Mangled by a death cob

Vault maps used:
D:        sprint_v

Skill      XL: |  1  2  3  4  5  6  7  8 |
---------------+-------------------------+-----
Fighting       | 5 6 7 9 10 | 10.4
Axes           | 4 5 6 7 8 9 |  9.2
Armour         | 5 6 7 9 10 11 | 11.5
Shields        | 5 7 8 9 10 11 | 11.1

Action                   |  1- 3 |  4- 6 |  7- 9 || total
-------------------------+-------+-------+-------++-------
Melee: Executioner's axe |     8 |     5 |    13 ||    26
  Use: Potion            |     1 |     1 |     3 ||     5
Armor: Plate armour      |    12 |     5 |    15 ||    32
Dodge: Dodged            |     1 |       |     4 ||     5
Block: Shield            |    17 |    16 |    36 ||    69
       Reflection        |       |       |     3 ||     3
